AoeStats
← newats2007

Oasis

509941132Analyzed
3v3 RM · 3d ago on Sep 28, 2026· 49m 58s· 6 players
Game mode
Random Map
Map size
Normal (6 player)
Population
200
Speed
Normal
Resources
Standard
Victory
Conquest
Starting age
Dark Age
Ending age
Imperial Age
RankedLock teamsTeams togetherTeam positionsShared explorationLock speedFull tech treeHidden civsTurbo modeCheats
Victory
Defeat
🇨🇳 Mongols · China
1250
+14
🇨🇱 Varangians · Chile
1221
+15
🇨🇱 Bohemians · Chile
1183
+16
🇮🇳 Hindustanis · India
1223
-16
🇳🇴 Varangians · Norway
1196
-15
🇨🇭 Koreans · Switzerland
1173
-14
Johhey
11:17 Feudal Age
10:13 Loom
11:48 Double-Bit Axe
16:02 Castle Age
14:28 Horse Collar
17:34 Forging
17:31 Scale Barding Armor
18:42 Forging
19:11 Bloodlines
22:52 Husbandry
26:58 Wheelbarrow
28:50 Bow Saw
30:24 Squires
31:18 Iron Casting
31:40 Chain Barding Armor
32:15 Heavy Plow
33:59 Scale Mail Armor
35:41 Hand Cart
35:18 Gold Mining
36:51 Chain Mail Armor
36:24 Gambesons
43:04 Town Watch
43:59 Masonry
48:37 Imperial Age
48:45 Imperial Age
46:58 Padded Archer Armor
46:49 Fletching
Civilgarlic
8:30 Loom
10:41 Feudal Age
17:42 Castle Age
20:54 Double-Bit Axe
20:53 Horse Collar
22:37 Fletching
25:13 Bow Saw
26:52 Wheelbarrow
32:05 Imperial Age
30:53 Bodkin Arrow
32:41 Ballistics
34:38 Two-Man Saw
35:10 Chemistry
35:34 Masonry
35:41 Heavy Plow
36:16 Bracer
37:51 Architecture
39:19 Heavy Rocket Cart
39:52 Elite Skirmisher
40:38 Thumb Ring
45:18 Shinkichon
newats2007
11:00 Feudal Age
10:05 Loom
14:55 Castle Age
13:12 Double-Bit Axe
13:11 Horse Collar
25:42 Wheelbarrow
29:04 Imperial Age
28:04 Forging
27:55 Scale Mail Armor
28:00 Scale Barding Armor
28:14 Hand Cart
31:51 Iron Casting
30:39 Heavy Camel Rider
31:33 Bloodlines
31:24 Husbandry
32:40 Chemistry
32:23 Chain Barding Armor
32:19 Chain Mail Armor
34:33 Blast Furnace
32:58 Imperial Camel Rider
37:48 Plate Barding Armor
40:35 Caravan
44:45 Light Cavalry
46:18 Hussar
49:21 Fletching
49:32 Padded Archer Armor
49:55 Ballistics
49:41 Siege Engineers
Stor3y76
9:26 Loom
11:39 Feudal Age
15:48 Castle Age
14:18 Double-Bit Axe
14:19 Horse Collar
16:49 Bow Saw
20:47 Pikeman
22:40 Heavy Plow
23:19 Fervor
23:30 Sanctity
23:15 Scale Mail Armor
23:57 Wheelbarrow
25:05 Chain Mail Armor
28:59 Hand Cart
31:25 Imperial Age
31:58 Chemistry
31:05 Squires
31:59 Forging
33:41 Ballistics
35:07 Plate Mail Armor
35:13 Iron Casting
34:02 Halberdier
35:55 Town Watch
37:16 Two-Man Saw
36:09 Man-at-Arms
37:42 Long Swordsman
38:26 Two-Handed Swordsman
39:13 Siege Engineers
39:44 Champion
42:54 Caravan
44:43 Blast Furnace
43:44 Padded Archer Armor
43:35 Fletching
|VNKS| Ildemaro14
6:25 Loom
9:32 Feudal Age
13:03 Double-Bit Axe
13:26 Horse Collar
17:22 Bloodlines
19:07 Forging
20:05 Scale Barding Armor
24:18 Castle Age
22:44 Gold Mining
31:57 Stone Mining
33:33 Wheelbarrow
33:15 Heavy Plow
33:26 Bow Saw
37:51 Imperial Age
38:01 Imperial Age
36:14 Hand Cart
41:30 Iron Casting
41:16 Chain Barding Armor
41:32 Elite Jarl
45:20 Blast Furnace
44:55 Plate Barding Armor
47:30 Caravan
pickmyself or end
10:52 Feudal Age
14:32 Castle Age
13:21 Double-Bit Axe
13:17 Horse Collar
16:06 Bow Saw
16:39 Loom
22:01 Heavy Plow
24:07 Fervor
24:34 Town Watch
25:24 Wheelbarrow
25:16 Stone Mining
25:17 Gold Mining
28:54 Imperial Age
27:28 Hand Cart
28:04 Stone Shaft Mining
28:12 Gold Shaft Mining
27:47 Fletching
27:57 Padded Archer Armor
29:34 Bodkin Arrow
29:54 Leather Archer Armor
30:09 Bloodlines
29:59 Husbandry
30:11 Onager
30:53 Bracer
31:04 Forging
31:17 Ballistics
31:52 Scale Barding Armor
32:26 Conscription
32:27 Drill
31:30 Siege Onager
32:48 Iron Casting
32:02 Light Cavalry
32:48 Thumb Ring
33:11 Parthian Tactics
33:32 Chain Barding Armor
33:22 Siege Engineers
34:23 Chemistry
33:41 Elite Mangudai
34:50 Hussar
36:37 Blast Furnace
37:32 Coinage
37:02 Caravan
40:27 Banking
39:55 Capped Ram
41:39 Hoardings
41:58 Siege Ram
49:41 Masonry
49:41 Fortified Wall
Connection lost

Rejoining the realm…

Still unreachable

The connection could not be restored.

Session expired

The server has moved on; the page needs a fresh start.